 Dungeon Crawl Stone Soup version 0.23.1-42-g8abd8fc (console) character file.

Game seed: 12874199703263337958

377 jt the Slasher (level 6, -6/37 HPs)
             Began as an Octopode Fighter on Mar 30, 2019.
             Was a Follower of Hepliaklqana.
             Mangled by a wraith (15 damage)
             ... in an ossuary.
             The game lasted 00:08:23 (3254 turns).

jt the Slasher (Octopode Fighter)                   Turns: 3254, Time: 00:08:24

Health: -6/37      AC:  1    Str: 22    XL:     6   Next: 73%
Magic:  6/6        EV: 14    Int:  9    God:    Hepliaklqana [*.....]
Gold:   224        SH: 14    Dex: 15    Spells: 5/5 levels left

rFire    . . .     SeeInvis .   a - +2 long sword
rCold    + . .     Gourm    .   b - +4 shield
rNeg     . . .     Faith    .   (helmet restricted)
rPois    .         Spirit   .   (no amulet)
rElec    .         Reflect  .   m - +4 ring of dexterity
rCorr    .         Harm     .   v - -2 ring of intelligence (curse)
MR       .....                  j - ring of attention (curse)
Stlth    +.........             (no ring)
HPRegen  0.12/turn              (no ring)
MPRegen  0.10/turn              (no ring)
                                (no ring)
                                (no ring)

@: mighty, slowed, very slow
A: almost no armour, stealthy swim, amphibious, 8 rings, constrict 8, reduced
essence, repulsion field 1, camouflage 1, cold resistance 1, gelatinous body 1,
subdued magic 2
a: Recall Ancestor, Ancestor Identity, Renounce Religion


You were in an ossuary.
You worshipped Hepliaklqana.
Hepliaklqana was aware of your devotion.
You were hungry.

You visited 1 branch of the dungeon, and saw 5 of its levels.
You also visited: Ossuary.

You collected 224 gold pieces.

Inventory:

Hand Weapons
 a - a +2 long sword (weapon)
 e - a +0 spear
 t - a +0 hunting sling
 w - a +1 mace of venom
 z - a +0 trident
Missiles
 g - 193 stones (quivered)
 o - 47 arrows
 p - 55 bolts
 r - 18 poisoned needles
 u - 29 sling bullets
Armour
 b - a +4 shield (worn)
Jewellery
 j - a cursed ring of attention (on tentacle)
 m - a +4 ring of dexterity (left tentacle)
 v - a cursed -2 ring of intelligence (right tentacle)
Scrolls
 k - a scroll of identify
 x - a scroll of fog
 y - a scroll of teleportation
Potions
 l - 2 potions of curing
 q - a potion of invisibility
Comestibles
 d - 6 rations
 f - 3 chunks of flesh


   Skills:
 - Level 3.0 Fighting
 * Level 5.8 Long Blades
 - Level 3.0 Dodging
 + Level 4.8 Shields


You had 5 spell levels left.
You didn't know any spells.
Your spell library contained the following spells:

 Spells                   Type           Power        Failure   Level  Hunger
 Magic Dart               Conj           #...         77%         1    ##.....
 Blink                    Tloc           N/A          88%         2    ###....
 Call Imp                 Summ           #.......     88%         2    ###....
 Slow                     Hex            #.......     88%         2    ###....
 Conjure Flame            Conj/Fire      #.......     98%         3    ####...
 Mephitic Cloud           Conj/Pois/Air  #.......     98%         3    ####...


Dungeon Overview and Level Annotations

Branches:
Dungeon (5/15)
 Temple: D:4-7

Altars:
Hepliaklqana

Annotations:
D:4 exclusion: ogre


Innate Abilities, Weirdness & Mutations

You cannot wear most types of armour.
You are very stealthy in the water. (Stealth+)
You are amphibious.
You can wear up to eight rings at the same time.
You can use your tentacles to constrict eight enemies at once.
Your skin changes colour to match your surroundings (Stealth+).
Your rubbery body absorbs attacks. (AC +1, EV +1)
Your life essence is reduced to manifest your ancestor. (-10% HP)
You are surrounded by a mild repulsion field. (EV +2)
Your flesh is cold resistant. (rC+)
Your spells are easier to cast, but less powerful.


Message History

The wraith hits you. The wraith drains your vigour!
You feel as though you will be slow longer.
You block the wraith's attack.
Okay, then.
You hit the wraith.
The wraith is heavily damaged.
You block the wraith's attack. x2
You barely miss the wraith.
The wraith is moderately damaged.
You block the wraith's attack. x2
You hit the wraith but do no damage. You squeeze the wraith!
The wraith is severely damaged.
The wraith hits you! The wraith hits you.
* * * LOW HITPOINT WARNING * * *
Okay, then.
Your shield prevents you from hitting the wraith.
You squeeze the wraith, but do no damage.
The wraith is severely damaged.
The wraith hits you!
You die...

#############'''###
#..................
#..................
#..###..###..###..#
#..#?#..# #^.# ..#
#..#'#..# #..# ..#
#..#.#..#.#..# ..#
#..W..........
#.@............
#..####.....^##
#.^# ...8...# #..#
..... #... ....
#... .... #..# .
#..#


You could see a wraith.

Vanquished Creatures
  A scorpion (D:4)
  A crimson imp (D:5)
  An orc priest (D:4)
  2 orc wizards
  4 adders
  2 oozes
  An adder skeleton (D:4)
  4 dart slugs
  8 worms
  4 leopard geckos
  9 orcs
  A ball python (D:3)
  5 bats
  3 giant cockroaches
  12 goblins
  6 hobgoblins
  5 jackals (D:1)
  A quokka (D:2)
  4 frilled lizards
  2 goblin zombies (Ossuary)
  3 kobolds
  A kobold zombie (Ossuary)
  6 rats
86 creatures vanquished.

Vanquished Creatures (collateral kills)
  An orc priest (D:4)
  An orc (D:3)
  2 jackals (D:4)
  A quokka (D:4)
  A frilled lizard (D:4)
  A gnoll zombie (Ossuary)
7 creatures vanquished.

Vanquished Creatures (others)
  2 ancestors
  A goblin zombie (Ossuary)
3 creatures vanquished.

Grand Total: 96 creatures vanquished

Notes
Turn   | Place    | Note
-------+----------+-------------------------------------------
     0 | D:1      | jt the Octopode Fighter began the quest for the Orb.
     0 | D:1      | Reached XP level 1. HP: 16/16 MP: 1/1
   155 | D:1      | Reached XP level 2. HP: 20/21 MP: 2/2
   431 | D:1      | Reached skill level 3 in Long Blades
   460 | D:1      | Reached XP level 3. HP: 26/26 MP: 3/3
  1337 | D:2      | Reached XP level 4. HP: 31/31 MP: 4/4
  1698 | D:2      | Reached skill level 4 in Long Blades
  1992 | D:3      | Found a hazy altar of Hepliaklqana.
  2008 | D:3      | Became a worshipper of Hepliaklqana the Forgotten
  2030 | D:3      | Reached XP level 5. HP: 32/32 MP: 5/5
  2624 | D:4      | Reached skill level 5 in Long Blades
  2629 | D:4      | Gained mutation: Your spells are a little easier to cast,
                  | but a little less powerful. [potion of mutation]
  2629 | D:4      | Gained mutation: Your flesh is cold resistant. (rC+)
                  | [potion of mutation]
  2629 | D:4      | Gained mutation: Your spells are easier to cast, but less
                  | powerful. [potion of mutation]
  2629 | D:4      | Gained mutation: You are surrounded by a mild repulsion
                  | field. (EV +2) [potion of mutation]
  2661 | D:4      | Reached * piety under Hepliaklqana
  2768 | D:4      | Noticed an ogre
  2775 | D:4      | Reached XP level 6. HP: 37/37 MP: 6/6
  2846 | D:4      | HP: 1/37 [orc priest/divine providence (11)]
  2997 | D:5      | Entered Level 5 of the Dungeon
  3099 | D:5      | Found a sand-covered staircase.
  3148 | Ossuary  | Entered an ossuary
  3148 | Ossuary  | Noticed a wraith
  3148 | Ossuary  | Noticed a wraith
  3148 | Ossuary  | Noticed a wraith
  3241 | Ossuary  | Noticed a wraith
  3254 | Ossuary  | Mangled by a wraith

Skill      XL: |  1  2  3  4  5 |
---------------+----------------+-----
Long Blades    | 3 4 5 |  5.8
Shields        | 4 |  4.8
Fighting       | |  3.0
Dodging        | |  3.0

Action                   |  1- 3 |  4- 6 || total
-------------------------+-------+-------++-------
Melee: Long sword        |    61 |   104 ||   165
       Constrict         |    12 |    38 ||    50
       Tentacles         |    10 |    26 ||    36
Throw: Stone             |     1 |       ||     1
  Use: Scroll            |       |    13 ||    13
       Potion            |       |     8 ||     8
 Stab: Sleeping          |     6 |     6 ||    12
  Eat: Chunk             |     1 |     6 ||     7
Armor: Skin              |     2 |     3 ||     5
Dodge: Dodged            |    19 |    24 ||    43
Block: Shield            |    22 |    53 ||    75
       Rpst.: Long sword |     3 |     3 ||     6
